| TOP OF THE 1ST |
|
Indianapolis Indians batting - Pitching for Omaha Storm Chasers : LHP Brad Havens
|
|
Pitching: LHP Brad Havens
|
|
|
Batting: SHB Julio Estrada
|
0-0: Foul Ball, location: 2F 0-1: Ground out 5-3 (Groundball, 5, EV 91.3 MPH)
|
|
Batting: RHB Pat Rooney
|
0-0: Called Strike 0-1: Ball 1-1: Foul Ball, location: 2F 1-2: Strikes out looking
|
|
Batting: LHB Scott Radloff
|
0-0: Ball 1-0: Ball 2-0: Foul Ball, location: 2F 2-1: Foul Ball, location: 2F 2-2: Ball 3-2: Foul Ball, location: 2F 3-2: SINGLE (Groundball, 3D, EV 99.4 MPH)
|
|
Batting: RHB Luis Gonzalez
|
0-0: Ball 1-0: Ball 2-0: Fly out, F8 (Flyball, 8RS, EV 90.0 MPH)
|
| Top of the 1st over - 0 runs, 1 hit, 0 errors, 1 left on base; Indianapolis 0 - Omaha 0 |
| BOTTOM OF THE 1ST |
|
Omaha Storm Chasers batting - Pitching for Indianapolis Indians : LHP Ricky Horton
|
|
Pitching: LHP Ricky Horton
|
|
|
Batting: RHB Jay Schellin
|
0-0: Ball 1-0: Ball 2-0: Called Strike 2-1: Ball 3-1: Called Strike 3-2: Foul Ball, location: 2F 3-2: Fly out, F3 (Popup, 23F, EV 85.6 MPH)
|
|
Batting: RHB Mike Allport
|
0-0: Called Strike 0-1: Ball 1-1: Ball 2-1: Ball 3-1: DOUBLE (Flyball, 8RD, EV 100.6 MPH)
|
|
Batting: RHB Don Money
|
0-0: Ball 1-0: Called Strike Mike Allport steals 3rd base 1-1: Ball 2-1: SINGLE (Flyball, 89S, EV 94.4 MPH) Mike Allport scores
|
|
Batting: LHB Mike LaValliere
|
0-0: Ball 1-0: Ball 2-0: Foul Ball, location: 2F 2-1: Grounds into double play, 4-6-3 (Groundball, 4, EV 96.9 MPH)
|
| Bottom of the 1st over - 1 run, 2 hits, 0 errors, 0 left on base; Indianapolis 0 - Omaha 1 |
| TOP OF THE 2ND |
|
Indianapolis Indians batting - Pitching for Omaha Storm Chasers : LHP Brad Havens
|
|
Batting: RHB Tracy Cowger
|
0-0: Called Strike 0-1: Ball 1-1: Swinging Strike 1-2: Ground out 5-3 (Groundball, 56, EV 78.1 MPH)
|
|
Batting: LHB Roberto Ruiz
|
0-0: Foul Ball, location: 2F 0-1: Fly out, F8 (Flyball, 8LS, EV 93.8 MPH)
|
|
Batting: RHB Steven Campbell
|
0-0: Ball 1-0: Ball 2-0: Ball 3-0: Base on Balls
|
|
Batting: RHB Robert Bonnette
|
0-0: Called Strike 0-1: Ball 1-1: DOUBLE (Flyball, 89D, EV 101.9 MPH) Steven Campbell to third Runner from 3rd tries for Home, SAFE, no throw by RF
|
|
Batting: LHB David Bertulli
|
0-0: Ground out U3 (Groundball, 34, EV 84.4 MPH)
|
| Top of the 2nd over - 1 run, 1 hit, 0 errors, 1 left on base; Indianapolis 1 - Omaha 1 |
| BOTTOM OF THE 2ND |
|
Omaha Storm Chasers batting - Pitching for Indianapolis Indians : LHP Ricky Horton
|
|
Batting: RHB Al Minker
|
0-0: Foul Ball, location: 2F 0-1: Ball 1-1: SOLO HOME RUN (Flyball, 7D, EV 96.9 MPH), Distance : 362 ft
|
|
Batting: SHB Larry Bowa
|
0-0: Called Strike 0-1: Ball 1-1: Called Strike 1-2: Ball 2-2: Strikes out swinging
|
|
Batting: RHB Eddie Gates
|
0-0: Ball 1-0: Ground out 2-3 (Groundball, 2R, EV 67.5 MPH)
|
|
Batting: LHB Donald Elliott
|
0-0: Ball 1-0: Called Strike 1-1: Swinging Strike 1-2: Ground out 6-3 (Groundball, 6, EV 100.0 MPH)
|
| Bottom of the 2nd over - 1 run, 1 hit, 0 errors, 0 left on base; Indianapolis 1 - Omaha 2 |
| TOP OF THE 3RD |
|
Indianapolis Indians batting - Pitching for Omaha Storm Chasers : LHP Brad Havens
|
|
Batting: SHB Julio Estrada
|
0-0: Ball 1-0: SINGLE (Groundball, 6M, EV 100.0 MPH) (infield hit)
|
|
Batting: RHB Pat Rooney
|
0-0: Ball 1-0: Grounds into double play, 5-4-3 (Groundball, 56S, EV 80.0 MPH)
|
|
Batting: LHB Scott Radloff
|
0-0: Ball 1-0: SINGLE (Groundball, 56, EV 108.1 MPH)
|
|
Batting: RHB Luis Gonzalez
|
0-0: Called Strike 0-1: Ball 1-1: Foul Ball, location: 2F 1-2: Strikes out swinging
|
| Top of the 3rd over - 0 runs, 2 hits, 0 errors, 1 left on base; Indianapolis 1 - Omaha 2 |
| BOTTOM OF THE 3RD |
|
Omaha Storm Chasers batting - Pitching for Indianapolis Indians : LHP Ricky Horton
|
|
Batting: SHB Rafael Landestoy
|
0-0: Ball 1-0: Ball 2-0: Foul Ball, location: 2F 2-1: Swinging Strike 2-2: Foul Ball, location: 2F 2-2: Ball 3-2: Strikes out looking
|
|
Batting: RHB Jay Schellin
|
0-0: Ball 1-0: Fly out, F8 (Flyball, 78D, EV 101.9 MPH)
|
|
Batting: RHB Mike Allport
|
0-0: Ball 1-0: Ball 2-0: Ground out 4-3 (Groundball, 4S, EV 78.1 MPH)
|
| Bottom of the 3rd over - 0 runs, 0 hits, 0 errors, 0 left on base; Indianapolis 1 - Omaha 2 |
| TOP OF THE 4TH |
|
Indianapolis Indians batting - Pitching for Omaha Storm Chasers : LHP Brad Havens
|
|
Batting: RHB Tracy Cowger
|
0-0: Fly out, F8 (Flyball, 8RD, EV 98.1 MPH)
|
|
Batting: LHB Roberto Ruiz
|
0-0: Ground out 6-3 (Groundball, 6, EV 103.1 MPH)
|
|
Batting: RHB Steven Campbell
|
0-0: Ball 1-0: Foul Ball, location: 2F 1-1: SOLO HOME RUN (Flyball, 7LD, EV 111.3 MPH), Distance : 365 ft
|
|
Batting: RHB Robert Bonnette
|
0-0: Ball 1-0: Called Strike 1-1: Fly out, F5 (Flyball, 5D, EV 85.6 MPH)
|
| Top of the 4th over - 1 run, 1 hit, 0 errors, 0 left on base; Indianapolis 2 - Omaha 2 |
| BOTTOM OF THE 4TH |
|
Omaha Storm Chasers batting - Pitching for Indianapolis Indians : LHP Ricky Horton
|
|
Batting: RHB Don Money
|
0-0: Ball 1-0: Ball 2-0: SINGLE (Line Drive, 8LS, EV 98.8 MPH)
|
|
Batting: LHB Mike LaValliere
|
0-0: Ball 1-0: Called Strike 1-1: Fly out, F6 (Popup, 6, EV 53.8 MPH)
|
|
Batting: RHB Al Minker
|
0-0: Fly out, F9 (Flyball, 9D, EV 103.1 MPH)
|
|
Batting: SHB Larry Bowa
|
0-0: Ground out 5-3 (Groundball, 56S, EV 87.5 MPH)
|
| Bottom of the 4th over - 0 runs, 1 hit, 0 errors, 1 left on base; Indianapolis 2 - Omaha 2 |
| TOP OF THE 5TH |
|
Indianapolis Indians batting - Pitching for Omaha Storm Chasers : LHP Brad Havens
|
|
Batting: LHB David Bertulli
|
0-0: DOUBLE (Groundball, 5L, EV 111.3 MPH)
|
|
Batting: SHB Julio Estrada
|
0-0: Bunted foul 0-1: Bunt missed! 0-2: SINGLE (Groundball, 6S, EV 71.3 MPH) (infield hit) David Bertulli to third
|
|
Batting: RHB Pat Rooney
|
0-0: SINGLE (Line Drive, 89M, EV 102.5 MPH) David Bertulli scores Julio Estrada to second
|
|
Batting: LHB Scott Radloff
|
0-0: Foul Ball, location: 2F 0-1: Ball 1-1: SINGLE (Groundball, 34D, EV 101.3 MPH) Julio Estrada to third Pat Rooney to second
|
|
Batting: RHB Luis Gonzalez
|
0-0: Ball 1-0: Ball 2-0: Ball 3-0: Called Strike 3-1: Called Strike 3-2: Foul Ball, location: 2F 3-2: SINGLE (Line Drive, 56D, EV 108.1 MPH) Julio Estrada scores Pat Rooney to third Scott Radloff to second
|
|
Batting: RHB Tracy Cowger
|
0-0: Foul Ball, location: 2F 0-1: Foul Ball, location: 2F 0-2: Ball 1-2: Foul Ball, location: 2F 1-2: Foul Ball, location: 2F 1-2: SINGLE (Groundball, 56D, EV 106.3 MPH) Pat Rooney scores Scott Radloff to third Luis Gonzalez to second Runner from 3rd tries for Home, SAFE, throw by LF to home
|
|
Pitching: LHP Ross Baumgarten
|
|
|
Batting: LHB Roberto Ruiz
|
0-0: Bunted foul 0-1: Ball 1-1: Bunt missed! 1-2: Foul Ball, location: 2F 1-2: SINGLE (Line Drive, 6M, EV 100.0 MPH) Luis Gonzalez to third Tracy Cowger to second
|
|
Batting: RHB Steven Campbell
|
0-0: SINGLE (Groundball, 6M, EV 103.8 MPH) Luis Gonzalez scores Tracy Cowger to third Roberto Ruiz to second Runner from 3rd tries for Home, SAFE, throw by CF to home
|
|
Batting: RHB Robert Bonnette
|
0-0: Swinging Strike 0-1: Swinging Strike 0-2: Strikes out swinging
|
|
Batting: LHB David Bertulli
|
0-0: Ball 1-0: Swinging Strike 1-1: Ball 2-1: Foul Ball, location: 2F 2-2: Grounds into double play, 4-6-3 (Groundball, 34, EV 89.4 MPH)
|
| Top of the 5th over - 6 runs, 8 hits, 0 errors, 1 left on base; Indianapolis 8 - Omaha 2 |
| BOTTOM OF THE 5TH |
|
Omaha Storm Chasers batting - Pitching for Indianapolis Indians : LHP Ricky Horton
|
|
Batting: RHB Eddie Gates
|
0-0: Ground out 6-3 (Groundball, 6, EV 85.0 MPH)
|
|
Batting: LHB Donald Elliott
|
0-0: Called Strike 0-1: Swinging Strike 0-2: Ball 1-2: Ground out U3 (Groundball, 3L, EV 88.1 MPH)
|
|
Batting: SHB Rafael Landestoy
|
0-0: Fly out, F6 (Popup, 6M, EV 75.0 MPH)
|
| Bottom of the 5th over - 0 runs, 0 hits, 0 errors, 0 left on base; Indianapolis 8 - Omaha 2 |
| TOP OF THE 6TH |
|
Indianapolis Indians batting - Pitching for Omaha Storm Chasers : LHP Ross Baumgarten
|
|
Batting: SHB Julio Estrada
|
0-0: Ball 1-0: Foul Ball, location: 2F 1-1: Foul Ball, location: 2F 1-2: Ground out 6-3 (Groundball, 4M, EV 111.3 MPH)
|
|
Batting: RHB Pat Rooney
|
0-0: Ball 1-0: Called Strike 1-1: Swinging Strike 1-2: Strikes out looking
|
|
Batting: LHB Scott Radloff
|
0-0: Foul Ball, location: 2F 0-1: Ball 1-1: Foul Ball, location: 2F 1-2: Ball 2-2: Foul Ball, location: 2F 2-2: Ground out 4-3 (Groundball, 13, EV 88.8 MPH)
|
| Top of the 6th over - 0 runs, 0 hits, 0 errors, 0 left on base; Indianapolis 8 - Omaha 2 |
| BOTTOM OF THE 6TH |
|
Omaha Storm Chasers batting - Pitching for Indianapolis Indians : LHP Ricky Horton
|
|
Batting: RHB Jay Schellin
|
0-0: Foul Ball, location: 2F 0-1: Ball 1-1: SINGLE (Flyball, 78S, EV 95.0 MPH)
|
|
Batting: RHB Mike Allport
|
0-0: Ball 1-0: Ball Wild Pitch! Jay Schellin to second 2-0: Ball 3-0: Base on Balls
|
|
Batting: RHB Don Money
|
0-0: Swinging Strike 0-1: Called Strike 0-2: Strikes out swinging
|
|
Batting: LHB Mike LaValliere
|
0-0: Called Strike 0-1: Ball 1-1: SINGLE (Line Drive, 34D, EV 103.8 MPH) Jay Schellin to third Mike Allport to second
|
|
Batting: RHB Al Minker
|
0-0: Foul Ball, location: 2F 0-1: Ball 1-1: Ball 2-1: Ball 3-1: Reached on error, E5 (Groundball, 56S, EV 92.5 MPH) Jay Schellin scores Mike Allport to third Mike LaValliere to second
|
|
Batting: SHB Larry Bowa
|
0-0: Foul Ball, location: 2F 0-1: Called Strike 0-2: SINGLE (Flyball, 6MD, EV 98.1 MPH) Mike Allport scores Mike LaValliere to third Al Minker to second
|
|
Batting: RHB Eddie Gates
|
0-0: Called Strike 0-1: Ball 1-1: Foul Ball, location: 2F 1-2: Strikes out swinging
|
|
Batting: LHB Donald Elliott
|
0-0: Called Strike 0-1: Foul Ball, location: 2F 0-2: Ball 1-2: Ball 2-2: Foul Ball, location: 2F 2-2: Foul Ball, location: 2F 2-2: Foul Ball, location: 2F 2-2: Foul Ball, location: 2F 2-2: Fielders Choice at 2nd, 5-4 (Groundball, 56, EV 96.3 MPH)
|
| Bottom of the 6th over - 2 runs, 3 hits, 1 error, 3 left on base; Indianapolis 8 - Omaha 4 |
| TOP OF THE 7TH |
|
Indianapolis Indians batting - Pitching for Omaha Storm Chasers : LHP Ross Baumgarten
|
|
Batting: RHB Luis Gonzalez
|
0-0: Fly out, F8 (Flyball, 89M, EV 93.1 MPH)
|
|
Batting: RHB Tracy Cowger
|
0-0: Ball 1-0: Ball 2-0: Foul Ball, location: 2F 2-1: Ball 3-1: SINGLE (Groundball, 34, EV 106.3 MPH)
|
|
Batting: LHB Roberto Ruiz
|
0-0: Called Strike 0-1: Foul Ball, location: 2F 0-2: Ball 1-2: Foul Ball, location: 2F 1-2: Fly out, F8 (Flyball, 89M, EV 85.0 MPH)
|
|
Batting: RHB Steven Campbell
|
0-0: Ball 1-0: Called Strike 1-1: Called Strike 1-2: Ball 2-2: Ball 3-2: Ground out 4-3 (Groundball, 4, EV 100.6 MPH)
|
| Top of the 7th over - 0 runs, 1 hit, 0 errors, 1 left on base; Indianapolis 8 - Omaha 4 |
| BOTTOM OF THE 7TH |
|
Omaha Storm Chasers batting - Pitching for Indianapolis Indians : LHP Ricky Horton
|
|
Batting: SHB Rafael Landestoy
|
0-0: Ball 1-0: Ball 2-0: Foul Ball, location: 2F 2-1: Fly out, F8 (Flyball, 78XD, EV 92.5 MPH)
|
|
Batting: RHB Jay Schellin
|
0-0: Ball 1-0: Swinging Strike 1-1: Ground out 6-3 (Groundball, 6, EV 92.5 MPH)
|
|
Batting: RHB Mike Allport
|
0-0: Ball 1-0: Ball 2-0: Called Strike 2-1: Ball 3-1: Called Strike 3-2: Ground out 4-3 (Groundball, 34, EV 82.5 MPH)
|
| Bottom of the 7th over - 0 runs, 0 hits, 0 errors, 0 left on base; Indianapolis 8 - Omaha 4 |
| TOP OF THE 8TH |
|
Indianapolis Indians batting - Pitching for Omaha Storm Chasers : LHP Ross Baumgarten
|
|
Batting: RHB Robert Bonnette
|
0-0: Ball 1-0: Called Strike 1-1: Foul Ball, location: 2F 1-2: Foul Ball, location: 2F 1-2: Foul Ball, location: 2F 1-2: Ball 2-2: Strikes out swinging
|
|
Batting: LHB David Bertulli
|
0-0: Swinging Strike 0-1: Called Strike 0-2: Strikes out swinging
|
|
Batting: SHB Julio Estrada
|
0-0: Called Strike 0-1: Ball 1-1: Ball 2-1: Ball 3-1: Fly out, F9 (Flyball, 89M, EV 83.8 MPH)
|
| Top of the 8th over - 0 runs, 0 hits, 0 errors, 0 left on base; Indianapolis 8 - Omaha 4 |
| BOTTOM OF THE 8TH |
|
Omaha Storm Chasers batting - Pitching for Indianapolis Indians : LHP Ricky Horton
|
|
Batting: RHB Don Money
|
0-0: Ball 1-0: Ball 2-0: Ball 3-0: Base on Balls
|
|
Batting: LHB Mike LaValliere
|
0-0: Called Strike 0-1: Ball 1-1: Ball Wild Pitch! Don Money to second 2-1: Ground out 4-3 (Groundball, 4, EV 101.9 MPH) Don Money to third
|
|
Batting: RHB Al Minker
|
0-0: Ball 1-0: Ground out 4-3 (Groundball, 4, EV 91.9 MPH) Don Money scores
|
|
Batting: SHB Larry Bowa
|
0-0: Ball 1-0: Fly out, F8 (Flyball, 8LM, EV 96.3 MPH)
|
| Bottom of the 8th over - 1 run, 0 hits, 0 errors, 0 left on base; Indianapolis 8 - Omaha 5 |
| TOP OF THE 9TH |
|
Indianapolis Indians batting - Pitching for Omaha Storm Chasers : LHP Ross Baumgarten
|
|
Batting: RHB Pat Rooney
|
0-0: Ball 1-0: Ground out 6-3 (Groundball, 6, EV 93.8 MPH)
|
|
Batting: LHB Scott Radloff
|
0-0: Ball 1-0: Ball 2-0: Ball 3-0: Called Strike 3-1: Foul Ball, location: 2F 3-2: Ground out U3 (Groundball, 34S, EV 67.5 MPH)
|
|
Batting: RHB Luis Gonzalez
|
0-0: Swinging Strike 0-1: Called Strike 0-2: Ball 1-2: Strikes out swinging
|
| Top of the 9th over - 0 runs, 0 hits, 0 errors, 0 left on base; Indianapolis 8 - Omaha 5 |
| BOTTOM OF THE 9TH |
|
Omaha Storm Chasers batting - Pitching for Indianapolis Indians : LHP Ricky Horton
|
|
Pitching: LHP Lee Guetterman
|
|
|
Batting: RHB Eddie Gates
|
0-0: Ball 1-0: Ground out 6-3 (Groundball, 6, EV 110.6 MPH)
|
|
Batting: LHB Donald Elliott
|
0-0: Ground out 4-3 (Groundball, 4S, EV 88.1 MPH)
|
|
Batting: SHB Rafael Landestoy
|
0-0: Foul Ball, location: 2F 0-1: Called Strike 0-2: Foul Ball, location: 2F 0-2: Foul Ball, location: 2F 0-2: Strikes out swinging
|
| Bottom of the 9th over - 0 runs, 0 hits, 0 errors, 0 left on base; Indianapolis 8 - Omaha 5 |
|